 Dungeon Crawl Stone Soup version 0.23-a0-359-g9beedce (webtiles) character file.

2 Cryolive the Digger (level 1, -3/10 HPs)
             Began as a Gargoyle Earth Elementalist on Oct 23, 2018.
             Slain by a hobgoblin
             ... wielding a +0 club
              (5 damage)
             ... on level 1 of the Dungeon.
             The game lasted 00:00:27 (109 turns).

Cryolive the Digger (Gargoyle Earth Elementalist)    Turns: 109, Time: 00:00:28

Health: -3/10      AC:  4    Str: 11    XL:     1   Next: 30%
Magic:  3/3        EV: 12    Int: 15    God:
Gold:   0          SH:  0    Dex: 10    Spells: 3/4 levels left

rFire    . . .     SeeInvis .   e - +0 mace
rCold    . . .     Gourm    .   (no shield)
rNeg     + . .     Faith    .   c - +0 robe
rPois    ∞         Spirit   .   (no helmet)
rElec    +         Reflect  .   (no cloak)
rCorr    .         Harm     .   (no gloves)
MR       .....                  (no boots)
Stlth    ++........             (no amulet)
HPRegen  0.03/turn              (no ring)
MPRegen  0.08/turn              (no ring)

@: no status effects
A: negative energy resistance 1, electricity resistance, unbreathing,
petrification resistance, rot immunity, AC +2
a: no special abilities


You were on level 1 of the Dungeon.
You were not hungry.

You visited 1 branch of the dungeon, and saw 1 of its levels.

Inventory:

Hand Weapons
 e - a +0 mace (weapon)
Missiles
 b - 30 stones (quivered)
Armour
 c - a +0 robe (worn)
Scrolls
 a - a scroll of magic mapping {unknown}
Potions
 f - a potion of ambrosia {unknown}
Comestibles
 d - a ration


   Skills:
 - Level 1.5 Dodging
 - Level 2.1 Stealth
 + Level 2.0 Spellcasting
   Level 0.7 Transmutations
 + Level 3.7 Earth Magic


You had 3 spell levels left.
You knew the following spells:

 Your Spells              Type           Power        Failure   Level  Hunger
a - Sandblast             Erth           ##....       4%          1    #......

Your spell library contained the following spells:

 Spells                   Type           Power        Failure   Level  Hunger
 Passwall                 Tmut/Erth      #.......     13%         2    ###....
 Stone Arrow              Conj/Erth      #.....       30%         3    ###....
 Petrify                  Tmut/Erth      #.......     65%         4    #####..
 Lee's Rapid Deconstruct  Erth           ##........   78%         5    ######.


Dungeon Overview and Level Annotations

Branches:
Dungeon (1/15)

Altars:


Innate Abilities, Weirdness & Mutations

You are resistant to torment.
Your stone body is resilient. (AC +2)
You are immune to poison.
You resist negative energy. (rN+)
You are resistant to electric shocks. (rElec)
You can survive without breathing.
You are immune to petrification.
You are immune to rotting.


Message History

Ye hit tha hobgoblin.
Ye kill tha hobgoblin!
Tha hobgoblin hits ye but does nay damage.
Ye hit tha hobgoblin.
Tha hobgoblin be moderately wounded.
Tha hobgoblin closely misses ye.
Ye closely miss tha hobgoblin.
Tha hobgoblin be moderately wounded.
Tha hobgoblin closely misses ye.
Tha hobgoblin hits ye but does nay damage.
Ye barely miss tha hobgoblin.
Tha hobgoblin be moderately wounded.
Tha goblin closely misses ye.
Tha hobgoblin barely misses ye.
Ye hit tha hobgoblin.
Tha hobgoblin be almost dead.
Tha goblin hits ye.
* * * LOW HITPOINT WARNIN'
* * * Tha hobgoblin hits ye wit' a +0 club.
Ouch! Tha re'lly hurt!
Ye die...

... +.....#
....#######.....
..#..[.........
...........#.###########
.......................
#.....##......!....##
+.....''............#
#.....##.......g....##
#.....#.......@g......
#####'####.#.#.)........
......# #.#.#...#+##...
......####.#.##.## ..
..##.............
#.#..#####.#.##.##
#'####...### ...
#.##.......## #.
#.#.........#


You could see a hobgoblin and a goblin.

Vanquished Creatures
  A hobgoblin (D:1)
  A goblin (D:1)
2 creatures vanquished.

Notes
Turn   | Place    | Note
-------+----------+-------------------------------------------
     0 | D:1      | Cryolive the Gargoyle Earth Elementalist began the quest
                  | for the Orb.
     0 | D:1      | Reached XP level 1. HP: 10/10 MP: 3/3
   109 | D:1      | Slain by a hobgoblin

Vault maps used:
D:1:      dpeg_arrival_three_smaller_balls, solitary_fountain,
          minmay_hexomino_f4

Action                   || total
-------------------------++-------
Melee: Mace              ||    18
Armor: Robe              ||     7
Dodge: Dodged            ||    15

Table legend:
 A = Non-vault XP
 B = Vault XP
 C = Vault XP percentage of total XP
 D = Non-vault monster count
 E = Vault monster count
 F = Vault count percentage of total count
                 A         B        C        D         E       F
            +---------+---------+-------+---------+---------+-------
      Total |       3 |       0 |   0.0 |       2 |       0 |   0.0
            +---------+---------+-------+---------+---------+-------
        D:1 |       3 |       0 |   0.0 |       2 |       0 |   0.0
            +---------+---------+-------+---------+---------+-------
